 Dungeon Crawl Stone Soup version bcrawl-1.13.1 (webtiles) character file.

Game seed: 10715885991373577107

682 Flugkiller the Conjurer (level 7, -4/36 HPs)
             Began as a Skeleton Wizard on Aug 3, 2019.
             Killed from afar by Blork the orc (10 damage)
             ... with a puff of flame
             ... on level 4 of the Dungeon.
             The game lasted 00:05:58 (5030 turns).

Flugkiller the Conjurer (Skeleton Wizard)           Turns: 5030, Time: 00:05:58

Health: -4/36      AC:  4    Str: 13      XL:     7   Next: 34%
Magic:  0/16       EV: 11    Int: 18 (19) God:
Gold:   336        SH:  0    Dex:  2 (7)  Spells: 9/18 levels left

rFire    . . .     SeeInvis .   l - +1 dagger (chaos)
rCold    + . .     Gourm    .   (no shield)
rNeg     + + +     Faith    .   b - +0 robe
rPois    ∞         Spirit   +   a - +0 helmet
rElec    .         Reflect  .   o - +0 cloak
rCorr    .         Harm     .   (no gloves)
MR       +....                  (no boots)
Stlth    +.........             (no amulet)
HPRegen  0.12/turn              (no ring)
MPRegen  0.15/turn              (no ring)

@: very slightly contaminated
A: no food or potions, cold resistance 1, deterioration 1, negative energy
resistance 3, powered by death 1, torment resistance, unbreathing, magic shield,
sturdy frame 1, spell healing
a: no special abilities


You were on level 4 of the Dungeon.
You were not hungry.

You visited 1 branch of the dungeon, and saw 4 of its levels.

You collected 336 gold pieces.

Inventory:

Hand Weapons
 l - a +1 dagger of chaos (weapon)
Armour
 a - a +0 helmet (worn)
 b - a +0 robe (worn)
 o - a +0 cloak (worn)
Jewellery
 e - an uncursed ring of ice
 g - an uncursed ring of wizardry {unknown}
Wands
 c - a wand of digging (7)
 j - a wand of polymorph (5)
Scrolls
 d - 3 scrolls of remove curse {unknown}
 f - 5 scrolls of identify {unknown}
 h - 3 scrolls of enchant armour {unknown}
 i - 2 scrolls of immolation {unknown}
 k - 2 scrolls of amnesia {unknown}
 m - a scroll of magic mapping {unknown}
 n - a scroll of teleportation {unknown}


   Skills:
 - Level 2.0 Dodging
 - Level 2.4 Stealth
 - Level 6.4 Spellcasting
 + Level 7.6 Conjurations
 - Level 3.2 Summonings
   Level 0.7 Translocations
 - Level 1.0 Fire Magic
 - Level 1.0 Poison Magic


You had 9 spell levels left.
You knew the following spells:

 Your Spells              Type           Power        Failure   Level  Hunger
a - Magic Dart            Conj           ####         1%          1    N/A
b - Call Imp              Summ           ###.....     4%          2    N/A
c - Conjure Flame         Conj/Fire      ###.....     6%          3    N/A
d - Mephitic Cloud        Conj/Pois/Air  ###.....     11%         3    N/A

Your spell library contained the following spells:

 Spells                   Type           Power        Failure   Level  Hunger
 Summon Small Mammal      Summ           ###.         3%          1    N/A
 Call Canine Familiar     Summ           ###.....     9%          3    N/A
 Slow                     Hex            #.......     12%         1    N/A
 Blink                    Tloc           N/A          13%         2    N/A
 Summon Ice Beast         Ice/Summ       ##......     52%         4    N/A
 Summon Lightning Spire   Summ/Air       ##......     86%         5    N/A

Dungeon Overview and Level Annotations

Branches:
Dungeon (4/12)
 Temple: D:4-7

Altars:
Dithmenos

Annotations:
D:4 Blork the orc, Eustachio, Grinder, Natasha


Innate Abilities, Weirdness & Mutations

You do not eat or drink.
You are immune to poison.
Your flesh is cold resistant. (rC+)
Your body sometimes deteriorates upon taking damage.
You are immune to negative energy. (rN+++)
You regenerate a little health from kills.
You are immune to unholy pain and torment.
You can survive without breathing.
When hurt, damage is shared between your health and your magic reserves.
Your movements are slightly less encumbered by armour. (ER -2)
Casting spells heals you.


Message History

You miscast Conjure Flame.
You are very lightly contaminated with residual magic.
You are momentarily dazzled by a flash of light!
Unknown command.
Casting: Conjure Flame (safe; 6% risk of failure)
Confirm with . or Enter, or press ? or * to list all spells.
Aiming: Conjure Flame (safe; 6% risk of failure)
Press: ? - help, Dir - move target cursor The fire ignites!
Blork the orc zaps a wand.
You are blasted!
Blork the orc gestures at you while chanting.
The puff of flame hits you!
Grinder blinks!
Unknown command.
Blork the orc zaps a wand.
You resist with significant effort. Blork the orc casts a spell at you.
The magic dart hits you!
* * * LOW HITPOINT WARNING * * *
Unknown command.
Blork the orc points at you and mumbles some strange words.
The puff of flame hits you!
You die...

#...# #.♣.# #...# ##)## ##
##)####### ...##))[##...##
♣..'.♣([..♣.<#
.^.##...##...##
##########@#######..% ..
###..####..............)..
##......####..............
#..####....#.....#..5.#.#####
#.########.....### ##.......#
####.#......###...#
#........## #....#......#
#..o#####.##......#
..####......#
#.(................ .##
#......# ##..#####.o(.......


You could see Grinder and Blork the orc.

Vanquished Creatures
  Sigmund (D:3)
  A sky beast (D:4)
  An ogre (D:3)
  A bullfrog skeleton (D:4)
  Crazy Yiuf (D:3)
  2 orc wizards
  Jessica (D:2)
  Ijyb (D:3)
  2 worker ants (D:4)
  Robin (D:4)
  An adder (D:3)
  An ooze (D:3)
  An adder skeleton (D:4)
  3 worms
  3 dart slugs
  6 orcs
  3 ball pythons
  A giant cockroach (D:3)
  13 goblins
  9 hobgoblins
  4 jackals (D:3)
  A quokka (D:3)
  5 bats
  4 frilled lizards
  4 kobolds
  5 rats
76 creatures vanquished.

Vanquished Creatures (collateral kills)
  An adder (D:3)
  A hobgoblin (D:3)
2 creatures vanquished.

Grand Total: 78 creatures vanquished

Notes
Turn   | Place    | Note
-------+----------+-------------------------------------------
     0 | D:1      | Flugkiller the Skeleton Wizard began the quest for the Orb.
     0 | D:1      | Reached XP level 1. HP: 10/10 MP: 5/5
   695 | D:1      | Reached skill level 2 in Conjurations
   756 | D:1      | Reached XP level 2. HP: 15/15 MP: 5/7
  1187 | D:1      | Reached skill level 5 in Spellcasting
  1999 | D:2      | Noticed Jessica
  2002 | D:2      | Killed Jessica
  2002 | D:2      | Reached skill level 3 in Conjurations
  2002 | D:2      | Reached XP level 3. HP: 19/19 MP: 6/10
  2431 | D:2      | Reached XP level 4. HP: 24/24 MP: 4/11
  2614 | D:3      | Noticed an ogre
  2632 | D:3      | Killed an ogre
  2632 | D:3      | Reached skill level 4 in Conjurations
  2632 | D:3      | Reached XP level 5. HP: 14/28 MP: 2/13
  2775 | D:3      | Learned a level 3 spell: Conjure Flame
  2778 | D:3      | Learned a level 2 spell: Call Imp
  2782 | D:3      | Learned a level 3 spell: Mephitic Cloud
  3098 | D:3      | Noticed Ijyb
  3268 | D:3      | Killed Ijyb
  3339 | D:3      | Reached skill level 1 in Poison Magic
  3498 | D:3      | Found a shadowy altar of Dithmenos.
  3541 | D:3      | Reached skill level 1 in Fire Magic
  3564 | D:3      | Found a runed door.
  3735 | D:3      | Noticed Sigmund
  3753 | D:3      | Killed Sigmund
  3753 | D:3      | Reached skill level 5 in Conjurations
  3753 | D:3      | Gained mutation: You regenerate a little health from kills.
                  | [Skeleton growth]
  3753 | D:3      | Reached XP level 6. HP: 24/32 MP: 3/15
  4198 | D:3      | Noticed Crazy Yiuf
  4204 | D:3      | Killed Crazy Yiuf
  4327 | D:4      | Noticed a sky beast
  4330 | D:4      | Noticed Robin
  4330 | D:4      | Reached skill level 6 in Conjurations
  4336 | D:4      | Killed a sky beast
  4336 | D:4      | Reached XP level 7. HP: 33/36 MP: 8/16
  4347 | D:4      | Killed Robin
  4349 | D:4      | Reached skill level 7 in Conjurations
  4617 | D:4      | Noticed Natasha
  4617 | D:4      | Noticed Eustachio
  5014 | D:4      | Noticed Blork the orc
  5014 | D:4      | Noticed Grinder
  5030 | D:4      | Killed from afar by Blork the orc

Skill      XL: |  1  2  3  4  5  6  7 |
---------------+----------------------+-----
Conjurations   | 2 3 4 5 6 7 |  7.6
Spellcasting   | 5 6 |  6.4
Poison Magic   | 1 |  1.0
Fire Magic     | 1 |  1.0
Summonings     | 3 |  3.2
Dodging        | |  2.0
Stealth        | |  2.4
Translocations | |  0.7

Action                   |  1- 3 |  4- 6 |  7- 9 || total
-------------------------+-------+-------+-------++-------
Melee: Staff             |     6 |       |       ||     6
       Dagger            |       |    31 |    77 ||   108
 Cast: Magic Dart        |   100 |    71 |    23 ||   194
       Call Imp          |       |     3 |     2 ||     5
       Mephitic Cloud    |       |     3 |     3 ||     6
       Conjure Flame     |       |     3 |     1 ||     4
 Stab: Confused          |       |     1 |       ||     1
       Sleeping          |       |     1 |       ||     1
Armor: Robe              |     3 |     8 |    32 ||    43
Dodge: Dodged            |    12 |    39 |    55 ||   106
